 Dungeon Crawl Stone Soup version 0.31.0-12-g77e489cdc1 (webtiles) character file.

Game seed: 9943265357225452387

24949 Curundu the Blocker (level 12, -1/101 (105) HPs)
             Began as a Minotaur Berserker on Feb 16, 2024.
             Was an Elder of Trog.
             Slain by an orc knight
             ... wielding a +0 great sword
              (7 damage)
             ... on level 9 of the Dungeon.
             The game lasted 00:52:47 (16921 turns).

Curundu the Blocker (Minotaur Berserker)           Turns: 16921, Time: 00:52:50

HP:   -1/101 (105)  AC: 20    Str: 27    XL:     12   Next: 85%
MP:   0/11          EV:  8    Int:  4    God:    Trog [****..]
Gold: 593           SH: 17    Dex: 10    Spells: 11/11 levels left

rFire   . . .        L - +3 broad axe
rCold   + . .        o - +0 tower shield
rNeg    . . .        c - +0 plate armour
rPois   .            (helmet restricted)
rElec   .            k - +0 cloak
rCorr   .            h - +0 pair of gloves
SInv    .            q - +0 pair of boots
Will    .....        F - amulet of guardian spirit Stlth
                     C - ring of protection from cold
HPRegen 0.36/turn    (no ring)
MPRegen 0.12/turn

%: guardian spirit
@: lethally poisoned (-1 -> -4), on berserk cooldown, slowed, lightly drained,
very slow
A: horns 2, retaliatory headbutt
a: Renounce Religion, Berserk, Trog's Hand, Brothers in Arms


You were on level 9 of the Dungeon.
You worshipped Trog.
Trog was greatly pleased with you.
You visited 3 branches of the dungeon, and saw 15 of its levels.
You also visited: Sewer.

You collected 811 gold pieces.
You spent 218 gold pieces at shops.

Inventory:

Hand Weapons
 t - a +1 war axe
 L - a +3 broad axe (weapon)
Missiles
 u - 4 boomerangs (quivered)
 E - 3 silver javelins
 J - a throwing net
Armour
 c - a +0 plate armour (worn)
 h - a +0 pair of gloves (worn)
 k - a +0 cloak (worn)
 o - a +0 tower shield (worn)
 q - a +0 pair of boots (worn)
Jewellery
 C - a ring of protection from cold (left hand)
 F - an amulet of guardian spirit (around neck)
Wands
 a - a wand of mindburst (6)
 j - a wand of iceblast (19)
 x - a wand of digging (1)
 A - a wand of charming (20)
 H - a wand of polymorph (14)
 I - a wand of flame (6)
Scrolls
 d - 2 scrolls of identify
 e - 2 scrolls of revelation
 m - a scroll of silence
 r - a scroll of teleportation
 s - 2 scrolls of fear
 y - a scroll of fog
Potions
 b - 2 potions of magic
 f - a potion of mutation
 g - 2 potions of resistance
 l - a potion of cancellation
 n - 6 potions of curing
 p - 2 potions of lignification
 v - 2 potions of haste
 w - a potion of invisibility
 z - a potion of might
 B - 2 potions of heal wounds
 G - 13 potions of degeneration
 K - a potion of enlightenment


   Skills:
 + Level 9.5 Fighting
 + Level 12.8 Axes
 + Level 1.0 Throwing
 * Level 12.5 Armour
 + Level 5.1 Dodging
 - Level 1.8 Stealth
 * Level 13.3 Shields
 * Level 7.5 Evocations


You had 11 spell levels left.
You didn't know any spells.
Your spell library was empty.

Dungeon Overview and Level Annotations

Branches:
Dungeon (13/15)            Temple (1/1) D:5            Lair (0/5) D:11
    Orc (1/2) D:9          Vaults (0/5) D:13          Sewer (visited)

Altars:
Ashenzari
Cheibriados
Dithmenos
Elyvilon
Fedhas
Gozag
Hepliaklqana
Kikubaaqudgha
Makhleb
Nemelex Xobeh
Okawaru
Qazlal
Ru
Sif Muna
Trog
Uskayaw
Vehumet
Wu Jian
Xom
Yredelemnul
Zin
The Shining One

Shops:
D:5 **   D:8 *   Orc:1 *

Portals:
Trove: D:10 (give 4 potions of resistance)
Ice
Cave: Orc:1


Innate Abilities, Weirdness & Mutations

You have a pair of horns on your head.
You reflexively headbutt those who attack you in melee.


Message History

You slash the orc sorcerer! You closely miss the orc warrior.
You barely miss something.
You feel sick. Something hits you but does no damage.
The orc wizard hits you but does no damage.
The orc sorcerer closely misses you. The orc knight closely misses you.
The orc warrior hits you but does no damage.
The orc warrior hits you with a +2 flail of draining!
* * * LOW HITPOINT WARNING * * *
You feel drained.
* * * LOW HITPOINT WARNING * * *
You feel sick.
There is a staircase back to the Dungeon, spattered with blood here.
Things that are here:
a +0 dagger; a +0 robe; an orc corpse You feel a strong urge to attack something.
You feel less confused.
You feel sick. You block something's attack.
The orc wizard gestures wildly while chanting.
The orc wizard flickers and vanishes!
The orc warrior unwields a +2 flail of draining.
The orc warrior wields a +0 orcbow.
The orc warrior shoots an arrow.
The arrow hits you but does no damage.
The orc sorcerer points at you and mumbles some strange words.
The bolt of fire misses you.
The orc knight roars a battlecry!
The orc warrior hits you with a +0 short sword.
* * * LOW HITPOINT WARNING * * *
You climb upwards.
Welcome back to the Dungeon!
Reactivating autopickup.
You feel sick.
There is a staircase to the Orcish Mines, spattered with blood here.
Unknown command.
You feel your anger nearly subside.
You are no longer berserk.
You are exhausted.
You feel yourself slow down.
You feel sick.
You hear some strange, mumbled words.
Deactivating autopickup; reactivate with Ctrl-A.
Something tries to affect you, but you resist.
The orc knight hits you with a +0 great sword!
You die...

.##..'......#...####.......#
.#..##......###....'.......#
.'.###......# ######.......#
#############################
........................#.'.#
.#................[.....#.#.#
.#[..............[[[....#.#.#
).[...).......)oo.........#.#
)[[.....##....[>@..(......###
..............o÷)...#....~#
....................#...~.#
###########################


You could see an orc knight, an orc sorcerer (strong) and an orc warrior
(strong).

Vanquished Creatures
  2 vault guards
  5 centaur warriors
  A boulder beetle (D:12)
  5 two-headed ogres
  A tengu warrior (D:13)
  A deep elf pyromancer (D:13)
  A cyclops (D:12)
  2 ugly things
  2 manticores (D:13)
  2 gargoyles (D:11)
  2 rime drakes
  An unseen horror (D:12)
  A komodo dragon (D:11)
  A kobold demonologist (D:11)
  Psyche (D:10)
  2 trolls
  A slime creature (D:10)
  Sigmund (D:3)
  4 wraiths
  3 vampires
  9 yaks (D:9)
  A steam dragon (D:7)
  A basilisk (D:11)
  4 wargs
  10 humans (D:13)
  4 vampire mosquitoes (D:12)
  An acid dragon (D:10)
  3 water moccasins
  12 orc warriors
  2 sky beasts
  2 ogres
  A swamp drake (D:9)
  A black bear (D:5)
  16 centaurs
  2 kobold brigands
  A phantom (D:6)
  2 brain worms (Sewer)
  3 scorpions
  2 bullfrogs (D:9)
  2 gnoll sergeants
  4 wights (D:10)
  5 killer bees (D:7)
  An electric eel (D:12)
  A howler monkey (D:8)
  2 bombardier beetles
  A jelly (D:5)
  5 hounds
  13 orc priests
  5 iguanas
  A sleepcap (D:7)
  19 orc wizards
  11 gnolls
  10 adders
  6 river rats (Sewer)
  A shadow imp (D:5)
  2 white imps
  4 dart slugs
  2 ribbon worms
  65 orcs
  6 bats
  9 endoplasms
  4 giant cockroaches
  17 goblins
  7 hobgoblins
  15 jackals
  17 kobolds
  3 quokkas
  8 ball pythons
  6 frilled lizards
  15 rats
383 creatures vanquished.

Vanquished Creatures (others)
  A vault guard (D:13)
  Maurice (D:9)
  An orc (D:9)
3 creatures vanquished.

Grand Total: 386 creatures vanquished

Notes
Turn   | Place    | Note
-------+----------+-------------------------------------------
     0 | D:1      | Curundu the Minotaur Berserker began the quest for the Orb.
     0 | D:1      | Reached XP level 1. HP: 19/19 MP: 0/0
    95 | D:1      | Reached XP level 2. HP: 25/27 MP: 1/1
   593 | D:1      | Reached XP level 3. HP: 31/33 MP: 2/2
   593 | D:1      | Reached ** piety under Trog
  1169 | D:2      | Reached XP level 4. HP: 41/41 MP: 3/3
  1221 | D:2      | Reached skill level 5 in Axes
  1244 | D:2      | Noticed an ogre
  1255 | D:2      | Killed an ogre
  1256 | D:2      | Reached XP level 5. HP: 30/47 MP: 4/4
  1547 | D:2      | Reached skill level 1 in Stealth
  1685 | D:2      | Reached skill level 5 in Fighting
  2139 | D:3      | Noticed Sigmund
  2152 | D:3      | Killed Sigmund
  2153 | D:3      | Reached XP level 6. HP: 42/56 MP: 5/5
  2356 | D:3      | Reached *** piety under Trog
  2659 | D:3      | Found a sparkling altar of Nemelex Xobeh.
  3099 | D:4      | Found a radiant altar of Vehumet.
  3099 | D:4      | Found a glowing golden altar of the Shining One.
  3100 | D:4      | Found a hazy altar of Hepliaklqana.
  3480 | D:4      | Reached skill level 1 in Shields
  3857 | D:5      | Entered Level 5 of the Dungeon
  3947 | D:5      | Reached XP level 7. HP: 49/61 MP: 6/6
  4084 | D:5      | Found Moohuuv's Specific Store.
  4086 | D:5      | Found Woon's General Store.
  4103 | D:5      | Found a shimmering blue altar of Sif Muna.
  4229 | D:5      | Reached skill level 1 in Evocations
  4234 | D:5      | Found a broken altar of Ashenzari.
  4413 | D:5      | Found a staircase to the Ecumenical Temple.
  4422 | D:5      | Reached skill level 2 in Shields
  4429 | Temple   | Entered the Ecumenical Temple
  5168 | D:6      | Reached skill level 3 in Shields
  5168 | D:6      | Reached XP level 8. HP: 70/70 MP: 7/7
  5226 | D:6      | Found a glowing drain.
  5255 | Sewer    | Entered a sewer
  5286 | Sewer    | Reached **** piety under Trog
  5314 | Sewer    | Reached skill level 5 in Armour
  6308 | D:6      | Reached skill level 4 in Shields
  7118 | D:7      | Reached XP level 9. HP: 56/78 MP: 8/8
  7242 | D:7      | Reached skill level 5 in Shields
  7721 | D:7      | Found a sacrificial altar of Ru.
  7871 | D:7      | Found a snail-covered altar of Cheibriados.
  8004 | D:8      | Noticed a two-headed ogre
  8013 | D:8      | Killed a two-headed ogre
  8014 | D:8      | Reached skill level 6 in Shields
  8423 | D:8      | Identified the +3 short sword "Koireu" {venom, rC+ Will++
                  | MP+9 Dex-3}
  8595 | D:8      | Found Gycoywoc's Assorted Antiques.
  8915 | D:8      | Found a basalt altar of Yredelemnul.
  9095 | D:9      | Reached skill level 7 in Shields
  9133 | D:9      | Found a white marble altar of Elyvilon.
  9205 | D:9      | Reached XP level 10. HP: 82/86 MP: 7/9
  9435 | D:9      | Reached skill level 8 in Shields
  9440 | D:9      | Reached skill level 10 in Axes
  9571 | D:9      | Found an ornate altar of the Wu Jian Council.
  9571 | D:9      | Noticed Maurice
  9578 | D:9      | Something stole 4 boomerangs
  9580 | D:9      | Killed Maurice
  9721 | D:9      | Found a staircase to the Orcish Mines.
 10010 | D:9      | Found an iron altar of Okawaru.
 10173 | D:10     | Entered Level 10 of the Dungeon
 10192 | D:10     | Reached ***** piety under Trog
 10282 | D:10     | Noticed Psyche
 10293 | D:10     | Reached skill level 5 in Evocations
 10293 | D:10     | Killed Psyche
 10430 | D:10     | Found a hide-covered altar of Uskayaw.
 10479 | D:10     | Noticed a vault guard
 10487 | D:10     | Killed a vault guard
 10488 | D:10     | Reached skill level 9 in Shields
 10547 | D:10     | Found a portal to a secret trove of treasure.
 10580 | D:10     | Found an opulent altar of Gozag.
 10821 | D:10     | Reached XP level 11. HP: 84/93 MP: 8/10
 10924 | D:10     | Noticed a centaur warrior
 10940 | D:10     | Killed a centaur warrior
 10941 | D:10     | Reached skill level 10 in Armour
 10941 | D:10     | Reached skill level 5 in Dodging
 11069 | D:10     | Noticed a centaur warrior
 11078 | D:10     | Killed a centaur warrior
 11358 | D:11     | Reached skill level 10 in Shields
 11776 | D:11     | Noticed a two-headed ogre
 11779 | D:11     | Found a staircase to the Lair.
 11787 | D:11     | Killed a two-headed ogre
 11953 | D:11     | Noticed a two-headed ogre
 11962 | D:11     | Killed a two-headed ogre
 12256 | D:11     | Noticed a brown ugly thing
 12277 | D:11     | Killed a brown ugly thing
 12511 | D:11     | Found an iron altar of Okawaru.
 12511 | D:11     | Noticed a two-headed ogre
 12511 | D:11     | Noticed a two-headed ogre
 12511 | D:11     | Noticed a war gargoyle
 12511 | D:11     | Noticed an ettin
 12511 | D:11     | Noticed a war gargoyle
 12511 | D:11     | Noticed an ettin
 12518 | D:11     | Killed a two-headed ogre
 12519 | D:11     | Reached skill level 11 in Shields
 12524 | D:11     | Killed a two-headed ogre
 12884 | D:11     | Found a shimmering blue altar of Sif Muna.
 13714 | D:12     | Reached XP level 12. HP: 103/103 MP: 8/11
 13804 | D:12     | Identified the +4 long sword "Taoppet" {drain, ^Drain rElec
                  | rC++}
 14576 | D:12     | Noticed a boulder beetle
 14613 | D:12     | Killed a boulder beetle
 14839 | D:13     | Noticed a tengu warrior
 14847 | D:13     | Killed a tengu warrior
 15058 | D:13     | Killed a vault guard
 15171 | D:13     | Noticed a centaur warrior
 15195 | D:13     | Killed a centaur warrior
 15196 | D:13     | Reached skill level 12 in Shields
 15272 | D:13     | Found a white marble altar of Elyvilon.
 15286 | D:13     | Noticed a centaur warrior
 15290 | D:13     | Noticed a centaur warrior
 15297 | D:13     | Killed a centaur warrior
 15302 | D:13     | Reached skill level 1 in Throwing
 15306 | D:13     | Killed a centaur warrior
 15611 | D:13     | Noticed a vault guard
 15629 | D:13     | Reached skill level 13 in Shields
 15638 | D:13     | Killed a vault guard
 15716 | D:13     | Found a gate to the Vaults.
 16110 | D:5      | Bought a potion of heal wounds for 50 gold pieces
 16110 | D:5      | Bought a wand of iceblast (7) for 168 gold pieces
 16668 | Orc:1    | Entered Level 1 of the Orcish Mines
 16668 | Orc:1    | Found a frozen archway.
 16738 | Orc:1    | Found Irgheew's Assorted Antiques.
 16921 | D:9      | Slain by an orc knight

Illustrated notes

Levels and vault maps discovered:
D:1:      matt_arrival_diagonals, layout_basic
D:2:      layout_basic, serial_bayou, serial_bayou_pond_a,
          serial_bayou_lagoon_a, serial_bayou_lake_a, serial_bayou_pond_e,
          grunt_ministairs_4, minmay_vboxes
D:3:      layout_loops_ring, nemelex_xobeh_ov_fountains_minmay,
          kennysheep_potato, uniq_sigmund
D:4:      layout_loops_cross, chequers_temple_overflow_statue_of_worship
D:5:      layout_rooms, evilmike_ruin_ashenzari, hellmonk_sif_muna_bookshelves,
          minmay_temple_entry_poolview, nicolae_specific_store
D:6:      layout_gridville, cheibrodos_sewer_entry_bend
D:7:      layout_gridville, nicolae_ru_great_annihilating_truth,
          cheibriados_altar_1
D:8:      layout_loops_cross, yredelemnul_altar_generic, serial_shops, shop
D:9:      layout_roguey, nicolae_overflow_crystal_walls,
          nicolae_wu_jian_wuxing_cycle, kennysheep_okawaru_gauntlet, erik_orc_1,
          david_defended_altar_orc, uniq_maurice
D:10:     minmay_chambers_of_sixes, layout_small_grid,
          mainiacjoe_overflow_cross_hatched, grunt_gozag_statues, enter_trove_5,
          minmay_misc_feat_doors, uniq_psyche
D:11:     layout_big_octagon, david_lair_shrubbed, serial_library,
          serial_library_regret_index_small_wings,
          serial_library_regret_index_branch_corner,
          serial_library_regret_index_split_case,
          serial_library_hellmonk_narrow_alcove, serial_library_hellmonk_room_b,
          serial_library_hellmonk_room_b, serial_library_hellmonk_small_corner,
          mainiacjoe_okawaru_digging_arena
D:12:     layout_long_grid, minmay_crystal_water
D:13:     layout_loops_corners, ximxim_vaults_locker_room,
          kennysheep_flooded_box, nicolae_wand_duel, glass_columns_a,
          elyvilon_altar_3
Temple:   pf_temple_reverse_labyrinth
Orc:1:    layout_caves, serial_shops, nicolae_shop_peninsula,
          nicolae_shop_rolled_up, shop, portal_ice_cave_rime

Skill      XL: |  1  2  3  4  5  6  7  8  9 10 11 12 |
---------------+-------------------------------------+-----
Axes           | 4 5 6 7 8 9 10 11 12 | 12.8
Fighting       | 4 5 6 7 8 9 |  9.5
Dodging        | 3 4 5 |  5.1
Stealth        | 1 |  1.8
Shields        | 1 3 4 7 9 11 13 | 13.3
Armour         | 4 6 8 9 11 12 | 12.5
Evocations     | 1 3 4 5 6 7 |  7.5
Throwing       | 1 |  1.0

Action                     |  1- 3 |  4- 6 |  7- 9 | 10-12 || total
---------------------------+-------+-------+-------+-------++-------
  Melee: Hand axe          |    77 |   118 |       |       ||   195
         Headbutt          |    13 |    18 |    50 |   109 ||   190
         War axe           |       |     4 |   378 |   475 ||   857
         Broad axe         |       |       |       |    51 ||    51
  Throw: Boomerang         |       |       |       |    16 ||    16
 Invoke: Berserk           |       |     2 |     3 |    13 ||    18
         Trog's Hand       |       |     1 |     9 |    15 ||    25
    Use: Scroll            |       |       |    22 |     7 ||    29
   Stab: Sleeping          |     1 |     1 |       |       ||     2
         Paralysed         |       |       |     1 |       ||     1
 Armour: Animal skin       |    42 |    51 |       |       ||    93
         Chain mail        |       |    24 |   312 |       ||   336
         Skin              |       |       |    28 |       ||    28
         Plate armour      |       |       |    17 |   618 ||   635
  Dodge: Dodged            |    36 |    61 |   123 |   160 ||   380
  Block: Tower shield      |       |    35 |   305 |   666 ||  1006
